 Dungeon Crawl Stone Soup version 0.13.1-22-g086cdba (webtiles) character file.

217 Zapata the Cutter (level 5, -5/49 HPs)
             Began as a Kobold Berserker on Jan 6, 2014.
             Was a Priest of Trog.
             Slain by Veyra the merfolk
             ... wielding a +0,+0 trident
             ... created by the player character
              (21 damage)
             ... on Level 3 of the Dungeon.
             The game lasted 00:08:28 (2146 turns).

Zapata the Cutter (Kobold Berserker)                Turns: 2146, Time: 00:08:29

HP  -5/49        AC  4     Str 28      XL: 5   Next: 16%
MP   4/4         EV 15     Int  5      God: Trog [***...]
Gold 105         SH  0     Dex 15      Spells:  0 memorised,  4 levels left

Res.Fire  : . . .   See Invis. : .   a - +0,+2 short sword (speed)
Res.Cold  : . . .   Warding    : .   t - +0 leather armour
Life Prot.: . . .   Conserve   : +   (no shield)
Res.Poison: .       Res.Corr.  : .   (no helmet)
Res.Elec. : .       Clarity    : .   p - +0 cloak
Sust.Abil.: . .     Spirit.Shd : .   (no gloves)
Res.Mut.  : .       Stasis     : .   (no boots)
Res.Rott. : .       Flight     : .   w - amulet of conservation {unknown}
Saprovore : + + .                    (no ring)
                                     s - +6 ring of strength

@: berserking, very quick, slightly resistant to hostile enchantments, extremely
unstealthy
A: disease resistance, carnivore 3, saprovore 2
a: Burn Spellbooks, Berserk, Trog's Hand, Renounce Religion


You were on level 3 of the Dungeon.
You worshipped Trog.
Trog was most pleased with you.
You were completely stuffed.

You visited 1 branch of the dungeon, and saw 3 of its levels.

You collected 85 gold pieces.

Inventory:

Hand weapons
 a - a +0,+2 short sword of speed (weapon)
 b - a +0,+0 sling
 g - a +0,+0 short sword
 j - a +0,+0 short sword
 u - a +0,+0 short sword
Missiles
 f - 26 stones (quivered)
 i - 11 exploding sling bullets
Armour
 o - a +0 animal skin
 p - a +0 cloak (worn)
 t - a +0 leather armour (worn)
Comestibles
 c - 4 meat rations
 x - 2 chunks of hobgoblin flesh
Scrolls
 d - 3 scrolls of enchant weapon I {unknown}
 e - a scroll of noise {unknown}
 h - a scroll of remove curse {unknown}
 l - a scroll of blinking {unknown}
 m - 2 scrolls of magic mapping {unknown}
 n - 4 scrolls of identify {unknown}
 q - 2 scrolls of fog {unknown}
 y - a scroll of curse armour {unknown}
 z - a scroll of teleportation {unknown}
Jewellery
 s - a +6 ring of strength (left hand)
 w - an amulet of conservation (around neck) {unknown}
Potions
 r - 2 potions of brilliance
 v - a potion of might {unknown}
Miscellaneous
 k - a plain deck of defence {drawn: 6}


   Skills:
 + Level 3.9 Fighting
 * Level 5.9 Short Blades
 - Level 1.5 Armour
 + Level 3.6 Dodging
 + Level 0.8 Stealth


You had 4 spell levels left.
You didn't know any spells.

Dungeon Overview and Level Annotations

Branches:
Dungeon (3/27)

Altars:
Nemelex Xobeh


Innate Abilities, Weirdness & Mutations

You recuperate from illness quickly.
You are small and have problems with some larger weapons.
You are carnivorous and can eat meat at any time.
You can eat rotten meat.


Message History

Veyra barely misses you.
Drink which item? (? for menu, Esc to quit)
Okay, then.
Use which ability? (? or * to list)
A red film seems to cover your vision as you go berserk!
You feel yourself moving faster!
You feel mighty!
You feel somewhat less full.
The hobgoblin zombie hits you but does no damage.
You hit the hobgoblin zombie. Veyra misses you.
You hit the hobgoblin zombie.
You feel the power of Trog in you as your rage grows.
You destroy the hobgoblin zombie!
You slash the worm zombie! You puncture the worm zombie!
You destroy the worm zombie!
Veyra barely misses you.
You see here a scroll labeled JEDOFOC COTHRIJ.
z - a scroll labeled JEDOFOC COTHRIJ You feel a strong urge to attack something.
Veyra hits you with a trident!
You die...

..≈≈ ....≈ ......##
.!......#
........#####
.....8......#
.............#
#......m..#
######@...# .#
###.######....###.##
.....................
###.########.P..#.##
#. #....#
###.########..P.# P.
................P#....
.###...............8.P
....................P.


You could see Veyra the merfolk.

Vanquished Creatures
  Terence (D:2)
  3 adders (D:2)
  A worm zombie (D:3)
  A giant gecko (D:2)
  6 bats (D:1)
  A giant cockroach (D:1)
  10 goblins
  9 hobgoblins
  10 jackals
  5 kobolds
  A quokka (D:2)
  A ball python (D:3)
  6 giant newts
  A hobgoblin zombie (D:3)
  6 rats
62 creatures vanquished.

Notes
Turn   | Place    | Note
--------------------------------------------------------------
     0 | D:1      | Zapata, the Kobold Berserker, began the quest for the Orb.
     0 | D:1      | Reached XP level 1. HP: 14/14 MP: 0/0
   236 | D:1      | Reached XP level 2. HP: 10/19 MP: 1/1
   746 | D:1      | Found a sparkling altar of Nemelex Xobeh.
   748 | D:1      | Reached XP level 3. HP: 24/24 MP: 2/2
   769 | D:1      | Reached skill level 5 in Short Blades
   877 | D:1      | Acquired Trog's second power
  1330 | D:2      | Reached XP level 4. HP: 28/28 MP: 3/3
  1837 | D:2      | Noticed Terence
  1846 | D:2      | Killed Terence
  1988 | D:2      | Reached XP level 5. HP: 28/33 MP: 4/4
  2129 | D:3      | Noticed Veyra
  2146 | D:3      | Slain by Veyra the merfolk

Action                   |  1- 3 |  4- 6 || total
-------------------------+-------+-------++-------
Melee: Short sword       |   142 |    89 ||   231
       Unarmed           |    12 |     7 ||    19
Invok: Berserk           |     2 |     2 ||     4
Evoke: Deck              |     3 |     3 ||     6
  Use: Potion            |     2 |     1 ||     3
 Stab: Sleeping          |     1 |     1 ||     2
       Invisible         |       |     3 ||     3
